AoeStats
← opalmab30

MegaRandom

509033005Analyzed
2v2 RM · 8d ago on Sep 25, 2026· 23m 55s· 4 players
Game mode
Random Map
Map size
Medium (4 player)
Population
200
Speed
Normal
Resources
Standard
Victory
Conquest
Starting age
Dark Age
Ending age
Imperial Age
RankedLock teamsTeams togetherTeam positionsShared explorationLock speedFull tech treeHidden civsTurbo modeCheats
Victory
Defeat
🇨🇱 Franks · Chile
1135
+16
🇺🇸 Varangians · United States
1114
+17
🇺🇸 Lithuanians · United States
1160
-17
🇺🇸 Romans · United States
1115
-16
Phoenix0nPhire
4:57 Loom
9:54 Feudal Age
10:51 Double-Bit Axe
16:45 Castle Age
15:37 Horse Collar
17:54 Medium Warships
21:06 Forging
23:33 Wheelbarrow
24:08 Bow Saw
opalmab30
5:26 Loom
10:52 Feudal Age
19:11 Castle Age
18:05 Forging
21:33 Town Watch
23:05 Medium Warships
24:16 Fletching
RespectTheRussell
7:59 Loom
13:45 Feudal Age
14:47 Fishing Lines
14:56 Double-Bit Axe
16:05 Wheelbarrow
17:06 Forging
21:49 Castle Age
19:49 Gold Mining
20:09 Scale Barding Armor
20:02 Town Watch
20:29 Horse Collar
22:10 Bloodlines
23:10 Iron Casting
22:50 Medium Warships
23:05 Husbandry
24:02 Chain Barding Armor
shealey.und14
10:43 Loom
13:03 Feudal Age
13:28 Fishing Lines
13:34 Fishing Lines
17:45 Forging
17:36 Scale Mail Armor
20:39 Castle Age
21:55 Man-at-Arms
22:35 Squires
22:47 Horse Collar
23:01 Double-Bit Axe
23:37 Chain Mail Armor
23:14 Long Swordsman
Connection lost

Rejoining the realm…

Still unreachable

The connection could not be restored.

Session expired

The server has moved on; the page needs a fresh start.